3016 views
Uploaded 2020-02-16 20:51:04
Game version 1.32 / 1.32.1
13:59 long 3on3 ladder game on (6)RollingHills
Saved by BEARAND
3016 views
Uploaded 2020-02-16 20:51:04
Game version 1.32 / 1.32.1
13:59 long 3on3 ladder game on (6)RollingHills


89 units @ 10.8k
/ 1.5k
41 buildings @ 7k
/ 2.8k


| Dust of Appearance | 1 | 75 |
| Periapt of Vitality | 1 | 325 |
| total: | 2 | 400g |
| Wisp | 19 | 1140 | / | 0 |
| Archer | 8 | 1040 | / | 80 |
| Glaive Thrower | 4 | 840 | / | 260 |
| Dryad | 3 | 435 | / | 180 |
| total: | 34 | 3455g | / | 520w |
| Altar of Elders | 1 | 180 | / | 50 |
| Moon Well | 5 | 900 | / | 200 |
| Ancient of War | 1 | 150 | / | 60 |
| Ancient of Wonders | 1 | 90 | / | 30 |
| Hunter's Hall | 1 | 210 | / | 100 |
| Ancient of Lore | 2 | 310 | / | 290 |
| Tree of Ages | 1 | 320 | / | 180 |
| Tree of Eternity | 1 | 330 | / | 200 |
| total: | 11 | 1840g | / | 730w |
| 0:03 | Wisp |
| 0:03 | Wisp |
| 0:06 | Altar of Elders |
| 0:19 | Moon Well |
| 0:23 | Wisp |
| 0:41 | Wisp |
| 0:48 | Ancient of War |
| 0:52 | Wisp |
| 0:52 | Wisp |
| 1:19 | Moon Well |
| 1:25 | Wisp |
| 1:38 | Wisp |
| 1:45 | Wisp |
| 1:51 | Archer |
| 2:10 | Entangling Roots |
| 2:15 | Ancient of Wonders |
| 2:19 | Archer |
| 2:20 | Archer |
| 3:01 | Archer |
| 3:03 | Tree of Ages |
| 4:15 | Archer |
| 4:16 | Archer |
| 4:31 | Hunter's Hall |
| 4:35 | Moon Well |
| 4:39 | Archer |
| 5:22 | Dust of Appearance |
| 5:50 | Wisp |
| 5:51 | Wisp |
| 5:51 | Wisp |
| 5:51 | Wisp |
| 6:02 | Improved Bows |
| 6:26 | Wisp |
| 6:41 | Periapt of Vitality |
| 7:09 | Vorpal Blades |
| 7:09 | Glaive Thrower |
| 7:15 | Wisp |
| 7:15 | Wisp |
| 7:29 | Force of Nature |
| 7:45 | Ancient of Lore |
| 8:24 | Ancient of Lore |
| 8:26 | Moon Well |
| 8:52 | Wisp |
| 8:53 | Wisp |
| 9:21 | Black Arrow |
| 9:30 | Dryad |
| 9:40 | Glaive Thrower |
| 9:42 | Dryad |
| 10:04 | Wisp |
| 10:52 | Glaive Thrower |
| 10:52 | Glaive Thrower |
| 10:56 | Moon Well |
| 10:59 | Tree of Eternity |
| 13:53 | Dryad |
| 13:58 | Marksmanship |
| 14:00 | Archer |
| Select group | 688 |
| Right click | 429 |
| Select | 166 |
| Misc. action | 109 |
| Build/train/purchase | 52 |
| Assign group | 20 |
| Use ability | 19 |
| Remove unit | 1 |


| Healing Salve | 1 | 100 |
| Potion of Lesser Invulnerability | 1 | 150 |
| total: | 2 | 250g |
| Peon | 8 | 600 | / | 0 |
| Grunt | 5 | 1000 | / | 0 |
| Demolisher | 3 | 660 | / | 150 |
| total: | 16 | 2260g | / | 150w |
| Watch Tower | 2 | 220 | / | 160 |
| Altar of Storms | 1 | 180 | / | 50 |
| Orc Burrow | 6 | 960 | / | 240 |
| Barracks | 1 | 180 | / | 50 |
| Voodoo Lounge | 1 | 130 | / | 30 |
| War Mill | 1 | 205 | / | 0 |
| Spirit Lodge | 1 | 150 | / | 150 |
| Tauren Totem | 1 | 135 | / | 155 |
| Stronghold | 1 | 315 | / | 190 |
| Fortress | 1 | 325 | / | 190 |
| total: | 14 | 2160g | / | 835w |
| 0:01 | Peon |
| 0:04 | Altar of Storms |
| 0:17 | Peon |
| 0:19 | Orc Burrow |
| 0:25 | Peon |
| 0:45 | Peon |
| 0:48 | Barracks |
| 1:02 | Peon |
| 1:14 | Peon |
| 1:24 | Voodoo Lounge |
| 1:36 | Peon |
| 1:49 | Grunt |
| 1:55 | Orc Burrow |
| 2:10 | War Stomp |
| 2:33 | Healing Salve |
| 3:16 | Grunt |
| 3:20 | Stronghold |
| 3:50 | Grunt |
| 4:10 | Grunt |
| 4:45 | Orc Burrow |
| 5:49 | Grunt |
| 5:55 | Spirit Lodge |
| 5:58 | Tauren Totem |
| 6:04 | War Mill |
| 6:06 | Peon |
| 6:59 | Healing Wave |
| 7:08 | Shaman Adept Training |
| 7:11 | Fortress |
| 7:25 | Endurance Aura |
| 7:46 | Watch Tower |
| 8:01 | Watch Tower |
| 8:38 | Orc Burrow |
| 8:41 | Orc Burrow |
| 9:06 | Potion of Lesser Invulnerability |
| 9:10 | Reinforced Defenses |
| 9:39 | Demolisher |
| 9:48 | Demolisher |
| 10:57 | Demolisher |
| 11:12 | Burning Oil |
| 11:47 | Shaman Master Training |
| 11:53 | Orc Burrow |
| 12:21 | Berserker Strength |
| 13:31 | Hex |
| Right click | 602 |
| Select | 377 |
| Select group | 180 |
| Misc. action | 69 |
| Build/train/purchase | 33 |
| Assign group | 17 |
| Use ability | 5 |
| Chat | 5 |
| Item give/drop | 1 |
| Minimap ping | 1 |

| Boots of Speed | 2 | 500 |
| total: | 2 | 500g |
| Wisp | 19 | 1140 | / | 0 |
| Archer | 4 | 520 | / | 40 |
| Huntress | 7 | 1365 | / | 140 |
| Glaive Thrower | 8 | 1680 | / | 520 |
| Goblin Shredder | 1 | 375 | / | 100 |
| total: | 39 | 5080g | / | 800w |
| Ancient Protector | 4 | 540 | / | 320 |
| Moon Well | 5 | 900 | / | 200 |
| Altar of Elders | 1 | 180 | / | 50 |
| Ancient of War | 3 | 450 | / | 180 |
| Hunter's Hall | 1 | 210 | / | 100 |
| Tree of Life | 2 | 680 | / | 370 |
| total: | 16 | 2960g | / | 1220w |
| 0:05 | Moon Well |
| 0:05 | Wisp |
| 0:06 | Wisp |
| 0:06 | Wisp |
| 0:20 | Altar of Elders |
| 0:38 | Wisp |
| 0:38 | Wisp |
| 0:49 | Wisp |
| 0:49 | Wisp |
| 0:57 | Ancient of War |
| 0:58 | Ancient of War |
| 1:02 | Wisp |
| 1:02 | Wisp |
| 1:40 | Moon Well |
| 1:42 | Wisp |
| 1:43 | Wisp |
| 1:43 | Wisp |
| 2:03 | Archer |
| 2:04 | Archer |
| 2:04 | Archer |
| 2:24 | Hunter's Hall |
| 2:28 | Trueshot Aura |
| 2:56 | Moon Well |
| 2:59 | Archer |
| 3:47 | Ancient Protector |
| 3:49 | Huntress |
| 3:49 | Huntress |
| 4:28 | Ancient Protector |
| 4:30 | Ancient Protector |
| 5:04 | Wisp |
| 5:05 | Wisp |
| 5:05 | Wisp |
| 5:53 | Wisp |
| 5:53 | Wisp |
| 5:55 | Huntress |
| 5:55 | Huntress |
| 5:57 | Strength of the Moon |
| 5:58 | Moon Armor |
| 6:18 | Boots of Speed |
| 6:19 | Boots of Speed |
| 6:39 | Huntress |
| 6:47 | Moon Well |
| 6:50 | Huntress |
| 6:50 | Huntress |
| 7:44 | Tree of Life |
| 8:25 | Glaive Thrower |
| 8:25 | Glaive Thrower |
| 8:47 | Tree of Life |
| 8:49 | Ultravision |
| 8:54 | Wisp |
| 8:55 | Wisp |
| 9:15 | Searing Arrows |
| 10:07 | Glaive Thrower |
| 10:09 | Glaive Thrower |
| 10:16 | Moon Well |
| 10:36 | Goblin Shredder |
| 11:41 | Ancient Protector |
| 11:47 | Glaive Thrower |
| 11:47 | Glaive Thrower |
| 13:51 | Ancient of War |
| 13:53 | Glaive Thrower |
| 13:53 | Glaive Thrower |
| Right click | 943 |
| Select group | 421 |
| Select | 148 |
| Build/train/purchase | 53 |
| Assign group | 33 |
| Use ability | 5 |
| Remove unit | 3 |
| Minimap ping | 3 |
51 units @ 4.2k
/ 0.2k
93 buildings @ 7.3k
/ 3.1k



| Staff of Sanctuary | 3 | 750 |
| Boots of Speed | 3 | 750 |
| Staff of Teleportation | 3 | 450 |
| total: | 9 | 1950g |
| Peasant | 14 | 1050 | / | 0 |
| Priest | 1 | 135 | / | 10 |
| Sorceress | 1 | 155 | / | 20 |
| total: | 16 | 1340g | / | 30w |
| Scout Tower | 53 | 1590 | / | 1060 |
| Guard Tower | 42 | 2940 | / | 2100 |
| Arcane Tower | 3 | 210 | / | 150 |
| Altar of Kings | 1 | 180 | / | 50 |
| Farm | 6 | 480 | / | 120 |
| Lumber Mill | 1 | 120 | / | 0 |
| Arcane Vault | 4 | 520 | / | 120 |
| Arcane Sanctum | 1 | 150 | / | 140 |
| Keep | 1 | 320 | / | 210 |
| Castle | 1 | 360 | / | 210 |
| total: | 66 | 3040g | / | 1490w |
| 0:03 | Peasant |
| 0:03 | Peasant |
| 0:03 | Peasant |
| 0:08 | Altar of Kings |
| 0:10 | Peasant |
| 0:19 | Farm |
| 0:20 | Peasant |
| 0:34 | Lumber Mill |
| 0:44 | Farm |
| 1:07 | Peasant |
| 1:14 | Peasant |
| 1:36 | Peasant |
| 1:38 | Peasant |
| 1:44 | Scout Tower |
| 1:52 | Scout Tower |
| 2:01 | Scout Tower |
| 2:07 | Blizzard |
| 2:11 | Scout Tower |
| 2:12 | Guard Tower |
| 2:15 | Scout Tower |
| 2:19 | Scout Tower |
| 2:20 | Arcane Tower |
| 2:23 | Scout Tower |
| 2:25 | Peasant |
| 2:25 | Peasant |
| 2:25 | Peasant |
| 2:27 | Guard Tower |
| 2:32 | Scout Tower |
| 2:34 | Scout Tower |
| 2:50 | Arcane Tower |
| 2:54 | Guard Tower |
| 2:57 | Improved Masonry |
| 3:02 | Scout Tower |
| 3:03 | Guard Tower |
| 3:11 | Guard Tower |
| 3:12 | Scout Tower |
| 3:46 | Peasant |
| 3:46 | Peasant |
| 3:46 | Guard Tower |
| 3:47 | Guard Tower |
| 3:48 | Scout Tower |
| 3:54 | Guard Tower |
| 3:55 | Scout Tower |
| 3:58 | Scout Tower |
| 4:30 | Keep |
| 4:31 | Guard Tower |
| 4:33 | Scout Tower |
| 4:34 | Scout Tower |
| 4:34 | Scout Tower |
| 4:34 | Scout Tower |
| 4:37 | Scout Tower |
| 4:37 | Scout Tower |
| 4:38 | Scout Tower |
| 4:38 | Scout Tower |
| 4:40 | Guard Tower |
| 4:41 | Scout Tower |
| 4:42 | Scout Tower |
| 4:42 | Scout Tower |
| 4:43 | Scout Tower |
| 4:44 | Guard Tower |
| 4:45 | Scout Tower |
| 5:10 | Boots of Speed |
| 5:21 | Guard Tower |
| 5:38 | Guard Tower |
| 5:38 | Guard Tower |
| 5:43 | Farm |
| 5:44 | Farm |
| 5:51 | Brilliance Aura |
| 6:09 | Guard Tower |
| 6:13 | Scout Tower |
| 6:14 | Scout Tower |
| 6:14 | Scout Tower |
| 6:16 | Guard Tower |
| 6:17 | Scout Tower |
| 6:17 | Scout Tower |
| 6:18 | Guard Tower |
| 6:19 | Guard Tower |
| 6:26 | Guard Tower |
| 6:27 | Scout Tower |
| 6:29 | Scout Tower |
| 6:35 | Guard Tower |
| 6:35 | Arcane Tower |
| 6:36 | Guard Tower |
| 6:36 | Guard Tower |
| 6:41 | Staff of Teleportation |
| 6:46 | Guard Tower |
| 7:02 | Guard Tower |
| 7:29 | Guard Tower |
| 8:12 | Guard Tower |
| 8:15 | Castle |
| 8:15 | Advanced Masonry |
| 8:22 | Scout Tower |
| 8:22 | Scout Tower |
| 8:23 | Storm Bolt |
| 8:46 | Scout Tower |
| 8:46 | Scout Tower |
| 8:47 | Scout Tower |
| 8:48 | Scout Tower |
| 8:48 | Scout Tower |
| 8:49 | Guard Tower |
| 8:49 | Guard Tower |
| 9:05 | Staff of Teleportation |
| 9:30 | Boots of Speed |
| 9:49 | Guard Tower |
| 9:51 | Scout Tower |
| 9:52 | Scout Tower |
| 9:52 | Scout Tower |
| 9:53 | Scout Tower |
| 9:56 | Scout Tower |
| 9:57 | Scout Tower |
| 9:57 | Scout Tower |
| 10:00 | Arcane Vault |
| 10:02 | Arcane Vault |
| 10:31 | Guard Tower |
| 10:33 | Arcane Sanctum |
| 10:39 | Imbued Masonry |
| 10:42 | Farm |
| 10:42 | Farm |
| 11:03 | Arcane Vault |
| 11:07 | Arcane Vault |
| 11:38 | Blizzard |
| 11:41 | Holy Light |
| 12:13 | Guard Tower |
| 12:13 | Guard Tower |
| 12:16 | Scout Tower |
| 12:16 | Scout Tower |
| 12:17 | Scout Tower |
| 12:25 | Scout Tower |
| 12:25 | Scout Tower |
| 12:28 | Magic Sentry |
| 12:28 | Priest |
| 12:42 | Staff of Teleportation |
| 12:42 | Boots of Speed |
| 12:47 | Staff of Sanctuary |
| 13:06 | Staff of Sanctuary |
| 13:30 | Bash |
| 13:51 | Sorceress |
| 13:51 | Sorceress Adept Training |
| 13:54 | Guard Tower |
| 13:54 | Guard Tower |
| 14:15 | Staff of Sanctuary |
| Right click | 1071 |
| Select | 398 |
| Build/train/purchase | 110 |
| Select group | 99 |
| Chat | 41 |
| Use ability | 40 |
| Misc. action | 11 |
| Assign group | 6 |
| Minimap ping | 4 |



| Lesser Clarity Potion | 1 | 70 |
| Orb of Venom | 1 | 325 |
| Staff of Teleportation | 1 | 150 |
| Boots of Speed | 2 | 500 |
| Circlet of Nobility | 1 | 175 |
| Healing Salve | 1 | 100 |
| Staff of Sanctuary | 1 | 250 |
| total: | 8 | 1570g |
| Wisp | 21 | 1260 | / | 0 |
| total: | 21 | 1260g | / | 0w |
| Altar of Elders | 1 | 180 | / | 50 |
| Moon Well | 8 | 1440 | / | 320 |
| Tree of Life | 1 | 340 | / | 185 |
| Ancient of Wonders | 1 | 90 | / | 30 |
| Hunter's Hall | 1 | 210 | / | 100 |
| Tree of Ages | 1 | 320 | / | 180 |
| Tree of Eternity | 1 | 330 | / | 200 |
| total: | 12 | 2260g | / | 685w |
| 0:01 | Wisp |
| 0:01 | Wisp |
| 0:05 | Altar of Elders |
| 0:12 | Moon Well |
| 0:15 | Wisp |
| 0:29 | Wisp |
| 0:54 | Moon Well |
| 0:56 | Wisp |
| 1:13 | Wisp |
| 1:13 | Wisp |
| 1:13 | Wisp |
| 1:33 | Wisp |
| 1:33 | Wisp |
| 1:43 | Wisp |
| 1:57 | Wisp |
| 2:07 | Entangling Roots |
| 2:29 | Wisp |
| 2:30 | Wisp |
| 2:59 | Wisp |
| 2:59 | Wisp |
| 3:56 | Wisp |
| 3:56 | Wisp |
| 3:56 | Wisp |
| 3:56 | Wisp |
| 4:07 | Moon Well |
| 4:10 | Moon Well |
| 4:34 | Staff of Teleportation |
| 4:34 | Boots of Speed |
| 4:35 | Circlet of Nobility |
| 5:17 | Tree of Ages |
| 5:52 | Thorns Aura |
| 6:04 | Tree of Life |
| 6:15 | Healing Salve |
| 6:17 | Lesser Clarity Potion |
| 7:58 | Tree of Eternity |
| 8:32 | Ancient of Wonders |
| 8:40 | Hunter's Hall |
| 8:44 | Trueshot Aura |
| 9:52 | Entangling Roots |
| 10:23 | Orb of Venom |
| 10:45 | Frost Arrows |
| 12:24 | Moon Well |
| 12:25 | Moon Well |
| 12:25 | Moon Well |
| 12:27 | Ultravision |
| 12:27 | Well Spring |
| 12:47 | Moon Well |
| 12:58 | Wisp |
| 13:18 | Boots of Speed |
| 14:12 | Staff of Sanctuary |
| Right click | 712 |
| Select group | 289 |
| Resource trade | 118 |
| Chat | 103 |
| Select | 96 |
| Build/train/purchase | 64 |
| Misc. action | 39 |
| Use ability | 31 |
| Assign group | 5 |
| Minimap ping | 4 |
| Item give/drop | 3 |
| Esc | 1 |
⇛
iggythefisk
(14:17) : 
| Healing Salve | 4 | 400 |
| Lesser Clarity Potion | 3 | 210 |
| Orb of Lightning | 1 | 375 |
| Scroll of Speed | 1 | 50 |
| Boots of Speed | 1 | 250 |
| Circlet of Nobility | 1 | 175 |
| Staff of Preservation | 1 | 150 |
| total: | 12 | 1610g |
| Peon | 10 | 750 | / | 0 |
| Raider | 2 | 360 | / | 80 |
| Kodo Beast | 2 | 510 | / | 120 |
| total: | 14 | 1620g | / | 200w |
| Watch Tower | 8 | 880 | / | 640 |
| Altar of Storms | 1 | 180 | / | 50 |
| Orc Burrow | 2 | 320 | / | 80 |
| War Mill | 1 | 205 | / | 0 |
| Voodoo Lounge | 2 | 260 | / | 60 |
| Beastiary | 1 | 145 | / | 140 |
| Stronghold | 2 | 630 | / | 380 |
| Fortress | 1 | 325 | / | 190 |
| total: | 15 | 1990g | / | 970w |
| 0:02 | Peon |
| 0:05 | Altar of Storms |
| 0:09 | Peon |
| 0:14 | Orc Burrow |
| 0:20 | Peon |
| 0:28 | War Mill |
| 0:38 | Peon |
| 0:53 | Peon |
| 1:03 | Peon |
| 1:11 | Peon |
| 1:21 | Peon |
| 1:45 | Voodoo Lounge |
| 1:51 | Peon |
| 1:58 | Peon |
| 2:02 | Wind Walk |
| 2:27 | Watch Tower |
| 3:00 | Healing Salve |
| 3:00 | Lesser Clarity Potion |
| 3:02 | Healing Salve |
| 3:08 | Watch Tower |
| 3:12 | Stronghold |
| 3:57 | Watch Tower |
| 4:38 | Watch Tower |
| 5:21 | Voodoo Lounge |
| 5:35 | Beastiary |
| 5:36 | Fortress |
| 5:38 | Orc Burrow |
| 5:56 | Watch Tower |
| 5:58 | Watch Tower |
| 6:37 | Watch Tower |
| 6:44 | Ensnare |
| 6:45 | Raider |
| 6:47 | Critical Strike |
| 7:46 | Watch Tower |
| 8:00 | Boots of Speed |
| 8:00 | Circlet of Nobility |
| 8:12 | Raider |
| 8:17 | Lesser Clarity Potion |
| 8:49 | Orb of Lightning |
| 9:03 | Kodo Beast |
| 10:05 | Staff of Preservation |
| 10:28 | Scroll of Speed |
| 11:35 | Kodo Beast |
| 11:45 | Healing Salve |
| 11:49 | Lesser Clarity Potion |
| 13:41 | Wind Walk |
| 14:07 | Healing Salve |
| Right click | 960 |
| Assign group | 605 |
| Select group | 240 |
| Select | 101 |
| Build/train/purchase | 75 |
| Use ability | 26 |
| Resource trade | 26 |
| Chat | 15 |
| Item give/drop | 7 |
| Minimap ping | 1 |